 Dungeon Crawl Stone Soup version 0.27.1-4-g1640c2035a (webtiles) character file.

Game seed: 13296285730398075688

181 styxcanada the Sneak (level 5, 0/26 HPs)
             Began as a Spriggan Brigand on Nov 3, 2021.
             Slain by Grinder (7 damage)
             ... on level 3 of the Dungeon.
             The game lasted 00:11:54 (3075 turns).

styxcanada the Sneak (Spriggan Brigand)             Turns: 3075, Time: 00:11:55

Health: 0/26       AC:  3    Str:  7    XL:     5   Next: 34%
Magic:  7/7        EV: 17    Int: 13    God:
Gold:   177        SH:  0    Dex: 17    Spells: 1/6 levels left

rFire    . . .     SeeInvis +   j - +2 short sword (drain)
rCold    . . .     Faith    .   (shield restricted)
rNeg     . . .     Spirit   .   b - +0 robe
rPois    .         Reflect  .   (helmet restricted)
rElec    .         Harm     .   c - +0 cloak
rCorr    .         Rampage  .   (gloves unavailable)
Will     .....                  (boots unavailable)
Stlth    ++++......             (no amulet)
HPRegen  0.08/turn              g - ring of wizardry
MPRegen  0.10/turn              (no ring)

@: very quick
A: very small, no large weapons, unfitting armour, see invisible, speed 3
a: no special abilities


You were on level 3 of the Dungeon.
You visited 1 branch of the dungeon, and saw 3 of its levels.

You collected 177 gold pieces.

Inventory:

Hand Weapons
 a - a +2 dagger
 j - a +2 short sword of draining (weapon)
 m - a +0 hunting sling
Missiles
 f - 96 stones (quivered)
 n - a throwing net
Armour
 b - a +0 robe (worn)
 c - a +0 cloak (worn)
Jewellery
 g - a ring of wizardry (left hand)
Scrolls
 l - a scroll of enchant weapon {unknown}
Potions
 i - a potion of ambrosia
 k - a potion of curing


   Skills:
 * Level 2.1 Fighting
 + Level 2.6 Short Blades
 + Level 2.6 Throwing
 * Level 2.7 Dodging
 * Level 7.9 Stealth
 * Level 1.2 Spellcasting
 * Level 0.1 Conjurations
 * Level 0.9 Hexes
 * Level 0.6 Ice Magic


You had one spell level left.
You knew the following spells:

 Your Spells              Type           Power      Damage    Failure   Level
a - Ensorcelled Hibernat  Hex/Ice        4%         N/A       12%         2
b - Conjure Flame         Conj/Fire      0%         6-21      32%         3

Your spell library contained the following spells:

 Spells                   Type           Power      Damage    Failure   Level
 Corona                   Hex            3%         N/A       8%          1
 Animate Skeleton         Necr           0%         N/A       12%         1
 Apportation              Tloc           0%         N/A       12%         1
 Pain                     Necr           0%         1d4       12%         1
 Summon Small Mammal      Summ           0%         N/A       12%         1
 Ignite Poison            Fire/Tmut/Pois 0%         N/A       32%         3
 Spider Form              Tmut/Pois      0%         N/A       32%         3
 Sticky Flame             Conj/Fire      0%         2d3       69%         4
 Agony                    Necr           0%         N/A       95%         5
 Excruciating Wounds      Necr           0%         N/A       95%         5
 Shadow Creatures         Summ           N/A        N/A       100%        6


Dungeon Overview and Level Annotations

Branches:
Dungeon (3/15)

Altars:

Annotations:
D:3 Grinder


Innate Abilities, Weirdness & Mutations

You are very small and have problems with some larger weapons.
You are too small for most types of armour.
You have supernaturally acute eyesight. (SInv)
You cover ground extremely quickly. (Speed+++)


Message History

Grinder is heavily wounded.
You barely miss Grinder.
Grinder is heavily wounded.
Grinder closely misses you.
You hit Grinder.
Grinder is heavily wounded.
Grinder hits you.
* * * LOW HITPOINT WARNING * * *
You writhe in agony.
* * * LOW HITPOINT WARNING * * *
You feel much better. Grinder completely misses you.
You hit Grinder.
Grinder is heavily wounded.
Grinder hits you.
You writhe in agony.
You hit Grinder.
Grinder is heavily wounded.
Grinder blinks!
Throw: 97 stones
Press: ? - help, Q - select action, (/) - cycle Shift-Dir - straight line, f/p - Grinder
Aim: Grinder (heavily wounded, 58% to hit)
You throw a stone.
The stone hits Grinder but does no damage.
Grinder is heavily wounded.
Grinder barely misses you.
You hit Grinder.
Grinder is severely wounded.
Grinder gestures at you. You resist with some effort.
You hit Grinder.
Grinder is severely wounded.
Grinder gestures at you. Pain shoots through your body!
You hit Grinder.
Grinder is almost dead.
Grinder hits you!
You writhe in agony.
* * * LOW HITPOINT WARNING * * *
You hit Grinder but do no damage.
Grinder is almost dead.
Grinder hits you!
You die...

.##.....# .
..#..ยง..# #.
#.#.....#
#(##.#.....####.#
#....####.......#
#.(####.#####..
####..)..#.#
.......)...(##..
#####...@.........
##..5.........
##...#.##.##.
##.......#
####.#### #.# ..
##


You could see Grinder.

Vanquished Creatures
  An iguana (D:2)
  Terence (D:2)
  3 adders (D:2)
  3 gnolls (D:2)
  A worm (D:2)
  2 dart slugs (D:2)
  2 orcs (D:3)
  7 ball pythons
  7 endoplasms
  6 goblins
  11 hobgoblins
  3 jackals (D:2)
  5 quokkas
  4 bats
  2 frilled lizards
  6 kobolds
  A rat (D:1)
65 creatures vanquished.

Notes
Turn   | Place    | Note
-------+----------+-------------------------------------------
     0 | D:1      | styxcanada the Spriggan Brigand began the quest for the
                  | Orb.
     0 | D:1      | Reached XP level 1. HP: 10/10 MP: 2/2
    48 | D:1      | Reached skill level 6 in Stealth
   423 | D:1      | Reached XP level 2. HP: 12/14 MP: 3/3
  1023 | D:1      | Reached skill level 7 in Stealth
  1343 | D:1      | Found a faded altar of an unknown god.
  1510 | D:2      | Reached XP level 3. HP: 18/18 MP: 4/4
  1539 | D:2      | Noticed Terence
  1563 | D:2      | Killed Terence
  1700 | D:2      | Learned a level 2 spell: Ensorcelled Hibernation
  1780 | D:2      | Reached XP level 4. HP: 16/23 MP: 5/5
  2002 | D:2      | Reached skill level 1 in Spellcasting
  2194 | D:2      | Reached XP level 5. HP: 9/26 MP: 7/7
  2852 | D:2      | Learned a level 3 spell: Conjure Flame
  3019 | D:3      | Noticed Grinder
  3065 | D:3      | HP: 1/26 [Grinder (6)]
  3075 | D:3      | Slain by Grinder

Illustrated notes

Levels and vault maps discovered:
D:1:      dpeg_arrival_rooms_with_view, layout_rooms,
          hellmonk_ecumenical_altar_heavens_door, serial_rivers,
          chequers_serial_rivers_small_3, chequers_serial_rivers_room_a,
          chequers_serial_rivers_large_b, chequers_serial_rivers_small_a,
          chequers_serial_rivers_small_3, minivault_27, minmay_liquid_box,
          dk_noncrumbling_3
D:2:      layout_basic, serial_glass, glass_columns_b, glass_columns_a,
          mrwooster_statue_mirror, minmay_pentomino_x4, uniq_terence
D:3:      layout_loops_cross, uniq_grinder

Skill      XL: |  1  2  3  4 |
---------------+-------------+-----
Stealth        | 6 7 |  7.9
Dodging        | 2 |  2.7
Spellcasting   | 1 |  1.2
Fighting       | 2 |  2.1
Short Blades   | |  2.6
Throwing       | |  2.6
Conjurations   | |  0.1
Hexes          | |  0.9
Ice Magic      | |  0.6

Action                   |  1- 3 |  4- 6 || total
-------------------------+-------+-------++-------
Melee: Dagger            |    67 |       ||    67
       Short sword       |    30 |    86 ||   116
Throw: Dart              |    21 |    23 ||    44
       Stone             |       |     1 ||     1
 Cast: Ensorcelled Hiber |       |     4 ||     4
  Use: Scroll            |       |     3 ||     3
       Potion            |       |     2 ||     2
 Stab: Sleeping          |     4 |     6 ||    10
       Distracted        |       |     3 ||     3
Armor: Robe              |    16 |     3 ||    19
Dodge: Dodged            |    59 |    70 ||   129
